3L
DETROIT RENAISSANCE @ TOLEDO STINGERS
07/25/2030
 
TOP OF THE 1ST
Detroit Renaissance batting - Pitching for Toledo Stingers : RHP Ed Stark
Pitching: RHP Ed Stark
Batting: RHB Steve Irwin 0-0: Ball
1-0: Fly out, F7 (Flyball, 7S)
Batting: LHB Elian Gonzalez 0-0: Ball
1-0: Called Strike
1-1: Called Strike
1-2: Foul Ball, location: 2F
1-2: Ball
2-2: Foul Ball, location: 2F
2-2: Foul Ball, location: 2F
2-2: Strikes out looking
Batting: RHB Eric D'Angle 0-0: Called Strike
0-1: Fly out, F7 (Flyball, 7D)
Top of the 1st over - 0 runs, 0 hits, 0 errors, 0 left on base; Detroit 0 - Toledo 0
BOTTOM OF THE 1ST
Toledo Stingers batting - Pitching for Detroit Renaissance : RHP Ryan Bentley
Pitching: RHP Ryan Bentley
Batting: SHB Eugene Clutch 0-0: Ground out 4-3 (Groundball, 34D)
Batting: SHB Tsing Guao 0-0: Swinging Strike
0-1: Foul Ball, location: 2F
0-2: Ball
1-2: Ground out 4-3 (Groundball, 4)
Batting: RHB Alfredo Martínez 0-0: Ball
1-0: SOLO HOME RUN (Flyball, 7D), Distance : 389 ft
Batting: LHB Tural Bishara 0-0: Called Strike
0-1: Ball
1-1: Foul Ball, location: 2F
1-2: Hit by Pitch
Batting: LHB Rafael Sánchez 0-0: Ball
1-0: Called Strike
1-1: Ball
2-1: Foul Ball, location: 2F
2-2: Ball
3-2: Strikes out swinging
Bottom of the 1st over - 1 run, 1 hit, 0 errors, 1 left on base; Detroit 0 - Toledo 1
TOP OF THE 2ND
Detroit Renaissance batting - Pitching for Toledo Stingers : RHP Ed Stark
Batting: RHB Quincy van Enk 0-0: Called Strike
0-1: Ball
1-1: Ball
2-1: Foul Ball, location: 2F
2-2: Foul Ball, location: 2F
2-2: Foul Ball, location: 2F
2-2: Ground out 6-3 (Groundball, 6M)
Batting: LHB Eric Thackston 0-0: Ball
1-0: Swinging Strike
1-1: Foul Ball, location: 2F
1-2: Ball
2-2: Ball
3-2: SINGLE (Line Drive, 34D)
Batting: RHB Roberto Hernández 0-0: Called Strike
0-1: Ball
1-1: Foul Ball, location: 2F
1-2: Ball
2-2: Foul Ball, location: 2F
2-2: Ground out 5-3 (Groundball, 56S)
Eric Thackston to second
Batting: SHB Shiki Sanu 0-0: Ball
1-0: Foul Ball, location: 2F
1-1: Ball
2-1: Ball
3-1: Base on Balls
Batting: LHB Josh Platt 0-0: Ball
1-0: Called Strike
1-1: Ball
2-1: Ball
3-1: Called Strike
3-2: Fly out, F9 (Flyball, 89S)
Top of the 2nd over - 0 runs, 1 hit, 0 errors, 2 left on base; Detroit 0 - Toledo 1
BOTTOM OF THE 2ND
Toledo Stingers batting - Pitching for Detroit Renaissance : RHP Ryan Bentley
Batting: LHB Ned Durand 0-0: Foul Ball, location: 2F
0-1: Ball
1-1: Ball
2-1: Called Strike
2-2: Strikes out looking
Batting: RHB Juan Cabrera 0-0: Called Strike
0-1: DOUBLE (Line Drive, 8LD)
Batting: RHB Héctor Rivera 0-0: Foul Ball, location: 2F
0-1: Swinging Strike
0-2: Fly out, F6 (Popup, 6MS)
Batting: RHB Anthony Johnston 0-0: Swinging Strike
0-1: Called Strike
0-2: Ball
1-2: Ball
2-2: Foul Ball, location: 2F
2-2: Fly out, F8 (Flyball, 8LD)
Bottom of the 2nd over - 0 runs, 1 hit, 0 errors, 1 left on base; Detroit 0 - Toledo 1
TOP OF THE 3RD
Detroit Renaissance batting - Pitching for Toledo Stingers : RHP Ed Stark
Batting: RHB Sixto Estrada 0-0: Ball
1-0: Called Strike
1-1: Swinging Strike
1-2: Strikes out looking
Batting: RHB Steve Irwin 0-0: Ball
1-0: Ball
2-0: Foul Ball, location: 2F
2-1: Foul Ball, location: 2F
2-2: Ground out 5-3 (Groundball, 56S)
Batting: LHB Elian Gonzalez 0-0: Ball
1-0: Ball
2-0: Swinging Strike
2-1: Foul Ball, location: 2F
2-2: Strikes out swinging
Top of the 3rd over - 0 runs, 0 hits, 0 errors, 0 left on base; Detroit 0 - Toledo 1
BOTTOM OF THE 3RD
Toledo Stingers batting - Pitching for Detroit Renaissance : RHP Ryan Bentley
Batting: SHB Eugene Clutch 0-0: Ball
1-0: Ground out 1-3 (Groundball, P)
Batting: SHB Tsing Guao 0-0: Called Strike
0-1: Foul Ball, location: 2F
0-2: Ball
1-2: Foul Ball, location: 2F
1-2: Ball
2-2: Ball
3-2: SOLO HOME RUN (Flyball, 9LD), Distance : 353 ft
Batting: RHB Alfredo Martínez 0-0: Ground out 5-3 (Groundball, 56)
Batting: LHB Tural Bishara 0-0: Ball
1-0: Called Strike
1-1: Fly out, F7 (Flyball, 7LDF)
Bottom of the 3rd over - 1 run, 1 hit, 0 errors, 0 left on base; Detroit 0 - Toledo 2
TOP OF THE 4TH
Detroit Renaissance batting - Pitching for Toledo Stingers : RHP Ed Stark
Batting: RHB Eric D'Angle 0-0: Ground out 6-3 (Groundball, 56)
Batting: RHB Quincy van Enk 0-0: Foul Ball, location: 2F
0-1: Ground out 4-3 (Groundball, 4)
Batting: LHB Eric Thackston 0-0: Called Strike
0-1: Fly out, F5 (Popup, 56)
Top of the 4th over - 0 runs, 0 hits, 0 errors, 0 left on base; Detroit 0 - Toledo 2
BOTTOM OF THE 4TH
Toledo Stingers batting - Pitching for Detroit Renaissance : RHP Ryan Bentley
Batting: LHB Rafael Sánchez 0-0: Called Strike
0-1: Called Strike
0-2: Ball
1-2: Strikes out swinging, 2-3 out at first.
Batting: LHB Ned Durand 0-0: Ball
1-0: Called Strike
1-1: Ball
2-1: SINGLE (Groundball, 34) (infield hit)
Batting: RHB Juan Cabrera 0-0: Ball
1-0: Ball
2-0: Fly out, F7 (Flyball, 78D)
Batting: RHB Héctor Rivera 0-0: Called Strike
0-1: Ball
1-1: Swinging Strike
1-2: Foul Ball, location: 2F
1-2: Strikes out swinging
Bottom of the 4th over - 0 runs, 1 hit, 0 errors, 1 left on base; Detroit 0 - Toledo 2
TOP OF THE 5TH
Detroit Renaissance batting - Pitching for Toledo Stingers : RHP Ed Stark
Batting: RHB Roberto Hernández 0-0: Ball
1-0: Ball
2-0: Called Strike
2-1: Ball
3-1: Called Strike
3-2: Base on Balls
Batting: SHB Shiki Sanu 0-0: Called Strike
0-1: Ball
1-1: Sac Bunt - play at first, batter OUT! 3-4
Roberto Hernández to second
Batting: LHB Josh Platt 0-0: Called Strike
0-1: Called Strike
0-2: Foul Ball, location: 2F
0-2: Fly out, F7 (Flyball, 7LM)
Batting: RHB Sixto Estrada 0-0: Called Strike
0-1: Called Strike
0-2: Strikes out swinging
Top of the 5th over - 0 runs, 0 hits, 0 errors, 1 left on base; Detroit 0 - Toledo 2
BOTTOM OF THE 5TH
Toledo Stingers batting - Pitching for Detroit Renaissance : RHP Ryan Bentley
Batting: RHB Anthony Johnston 0-0: Ground out 6-3 (Groundball, 6)
Batting: SHB Eugene Clutch 0-0: Called Strike
0-1: Ball
1-1: Ball
2-1: Foul Ball, location: 2F
2-2: Strikes out swinging
Batting: SHB Tsing Guao 0-0: Foul Ball, location: 2F
0-1: Called Strike
0-2: Ball
1-2: Foul Ball, location: 2F
1-2: Ball
2-2: Strikes out looking
Bottom of the 5th over - 0 runs, 0 hits, 0 errors, 0 left on base; Detroit 0 - Toledo 2
TOP OF THE 6TH
Detroit Renaissance batting - Pitching for Toledo Stingers : RHP Ed Stark
Batting: RHB Steve Irwin 0-0: Foul Ball, location: 2F
0-1: Swinging Strike
0-2: Ball
1-2: Ball
2-2: Ball
3-2: Base on Balls
Batting: LHB Elian Gonzalez 0-0: Ball
1-0: Ball
2-0: Ball
3-0: Called Strike
3-1: Base on Balls
Steve Irwin to second
Batting: RHB Eric D'Angle 0-0: Called Strike
0-1: Ball
1-1: Ball
2-1: Ball
3-1: 3-RUN HOME RUN (Flyball, 7LD), Distance : 350 ft
Batting: RHB Quincy van Enk 0-0: Foul Ball, location: 2F
0-1: Ground out 4-3 (Groundball, 4)
Batting: LHB Eric Thackston 0-0: Called Strike
0-1: Foul Ball, location: 2F
0-2: Foul Ball, location: 2F
0-2: Foul Ball, location: 2F
0-2: Strikes out swinging
Batting: RHB Roberto Hernández 0-0: Called Strike
0-1: Ball
1-1: SINGLE (Groundball, 56D)
Batting: SHB Shiki Sanu 0-0: Ball
1-0: Ball
2-0: Ball
3-0: Base on Balls
Roberto Hernández to second
Batting: LHB Josh Platt 0-0: Called Strike
0-1: Called Strike
0-2: Ball
1-2: Strikes out swinging
Top of the 6th over - 3 runs, 2 hits, 0 errors, 2 left on base; Detroit 3 - Toledo 2
BOTTOM OF THE 6TH
Toledo Stingers batting - Pitching for Detroit Renaissance : RHP Ryan Bentley
Batting: RHB Alfredo Martínez 0-0: Ball
1-0: Ball
2-0: Called Strike
2-1: Fly out, F3 (Popup, 3)
Batting: LHB Tural Bishara 0-0: Called Strike
0-1: Ball
1-1: Ball
2-1: Ball
3-1: Base on Balls
Batting: LHB Rafael Sánchez 0-0: Ball
1-0: Foul Ball, location: 2F
1-1: Swinging Strike
1-2: Ball
Tural Bishara is caught stealing 2nd base
2-2: Foul Ball, location: 2F
2-2: Ball
3-2: Fly out, F3 (Line Drive, 34S)
Bottom of the 6th over - 0 runs, 0 hits, 0 errors, 0 left on base; Detroit 3 - Toledo 2
TOP OF THE 7TH
Detroit Renaissance batting - Pitching for Toledo Stingers : RHP Ed Stark
Batting: RHB Sixto Estrada 0-0: Ball
1-0: SINGLE (Line Drive, 9S)
Pitching: RHP Kyung-un Yi
Pinch Hitting: LHB Bartolo Benítez 0-0: Foul Ball, location: 2F
0-1: Ball
1-1: Ball
2-1: Ball
3-1: Reached on error, E6 (Groundball, 6M)
Sixto Estrada to second
Batting: LHB Elian Gonzalez 0-0: Ball
1-0: Foul Ball, location: 2F
1-1: Foul Ball, location: 2F
1-2: Foul Ball, location: 2F
1-2: Foul Ball, location: 2F
1-2: Strikes out swinging
Batting: RHB Eric D'Angle 0-0: Called Strike
0-1: Ball
1-1: Ball
2-1: SINGLE (Groundball, 5D)
Sixto Estrada to third
Bartolo Benítez to second
Runner from 3rd tries for Home, SAFE, no throw
Batting: RHB Quincy van Enk 0-0: Ball
1-0: Ball
2-0: Called Strike
2-1: Fly out, F5 (Popup, 5L)
Batting: LHB Eric Thackston 0-0: Foul Ball, location: 2F
0-1: Swinging Strike
0-2: Ball
1-2: Fly out, F2 (Popup, 2RF)
Top of the 7th over - 1 run, 2 hits, 1 error, 2 left on base; Detroit 4 - Toledo 2
BOTTOM OF THE 7TH
Toledo Stingers batting - Pitching for Detroit Renaissance : RHP Ryan Bentley
Now at 2B: Kenneth Noid
Batting: LHB Ned Durand 0-0: Called Strike
0-1: Foul Ball, location: 2F
0-2: Strikes out swinging
Batting: RHB Juan Cabrera 0-0: Fly out, F7 (Flyball, 7S)
Batting: RHB Héctor Rivera 0-0: Foul Ball, location: 2F
0-1: Foul Ball, location: 2F
0-2: Foul Ball, location: 2F
0-2: Ball
1-2: Strikes out swinging
Bottom of the 7th over - 0 runs, 0 hits, 0 errors, 0 left on base; Detroit 4 - Toledo 2
TOP OF THE 8TH
Detroit Renaissance batting - Pitching for Toledo Stingers : RHP Kyung-un Yi
Batting: RHB Roberto Hernández 0-0: Called Strike
0-1: Ball
1-1: Called Strike
1-2: Strikes out swinging
Batting: SHB Shiki Sanu 0-0: Ball
1-0: Ball
2-0: Ball
3-0: Called Strike
3-1: Called Strike
3-2: Base on Balls
Batting: LHB Josh Platt 0-0: Fly out, F6 (Popup, 6)
Batting: RHB Sixto Estrada 0-0: Ball
1-0: Called Strike
1-1: Foul Ball, location: 2F
1-2: Ball
2-2: Strikes out swinging
Top of the 8th over - 0 runs, 0 hits, 0 errors, 1 left on base; Detroit 4 - Toledo 2
BOTTOM OF THE 8TH
Toledo Stingers batting - Pitching for Detroit Renaissance : RHP Ryan Bentley
Batting: RHB Anthony Johnston 0-0: Foul Ball, location: 2F
0-1: Ball
1-1: SINGLE (Line Drive, 7LS)
Pitching: RHP Brantford Winstworth III
Batting: SHB Eugene Clutch 0-0: Called Strike
0-1: Fly out, F7 (Flyball, 7D)
Batting: SHB Tsing Guao 0-0: Swinging Strike
0-1: Foul Ball, location: 2F
0-2: Strikes out looking
Batting: RHB Alfredo Martínez 0-0: Ball
1-0: Ball
2-0: Swinging Strike
2-1: Ball
3-1: Base on Balls
Anthony Johnston to second
Batting: LHB Tural Bishara 0-0: Foul Ball, location: 2F
0-1: Ball
1-1: Foul Ball, location: 2F
1-2: Hit by Pitch
Anthony Johnston to third
Alfredo Martínez to second
Batting: LHB Rafael Sánchez 0-0: Ball
1-0: Swinging Strike
1-1: Ball
2-1: Ball
3-1: Foul Ball, location: 2F
3-2: Ground out 4-3 (Groundball, 4)
Bottom of the 8th over - 0 runs, 1 hit, 0 errors, 3 left on base; Detroit 4 - Toledo 2
TOP OF THE 9TH
Detroit Renaissance batting - Pitching for Toledo Stingers : RHP Kyung-un Yi
Batting: RHB Kenneth Noid 0-0: Ball
1-0: Ball
2-0: Called Strike
2-1: Swinging Strike
2-2: Ball
3-2: Strikes out looking
Pitching: RHP Garrett Harrington
Batting: LHB Elian Gonzalez 0-0: Called Strike
0-1: Ball
1-1: Swinging Strike
1-2: Strikes out swinging
Batting: RHB Eric D'Angle 0-0: Called Strike
0-1: Called Strike
0-2: Ball
1-2: Foul Ball, location: 2F
1-2: Foul Ball, location: 2F
1-2: Ball
2-2: Fly out, F9 (Flyball, 9LS)
Top of the 9th over - 0 runs, 0 hits, 0 errors, 0 left on base; Detroit 4 - Toledo 2
BOTTOM OF THE 9TH
Toledo Stingers batting - Pitching for Detroit Renaissance : RHP Brantford Winstworth III
Batting: LHB Ned Durand 0-0: Called Strike
0-1: Ball
1-1: Ball
2-1: Foul Ball, location: 2F
2-2: Fly out, F8 (Flyball, 8LS)
Batting: RHB Juan Cabrera 0-0: Swinging Strike
0-1: Swinging Strike
0-2: Ground out 5-3 (Groundball, 56)
Batting: RHB Héctor Rivera 0-0: Ball
1-0: Fly out, F8 (Flyball, 8LS)
Bottom of the 9th over - 0 runs, 0 hits, 0 errors, 0 left on base; Detroit 4 - Toledo 2
Sunday, March 18th, 2018 - OOTP Baseball 18.8 Build 76